 Dungeon Crawl Stone Soup version 0.30-a0-1075-gcd70e7a56d (webtiles) character file.

Game seed: 9038870698038543098

161 Lobster4 the Shooter (level 5, -6/42 (46) HPs)
             Began as a Minotaur Hunter on Apr 15, 2023.
             Was an Initiate of Hepliaklqana.
             Mangled by a wight
             ... wielding a +0 scimitar
              (12 damage)
             ... on level 3 of the Dungeon.
             The game lasted 00:05:36 (2269 turns).

Lobster4 the Shooter (Minotaur Hunter)              Turns: 2269, Time: 00:05:36

HP:   -6/42 (46)    AC:  3    Str: 16    XL:     5   Next: 18%
MP:   4/4           EV: 12    Int:  6    God:    Hepliaklqana [......]
Gold: 170           SH:  0    Dex: 15    Spells: 4/4 levels left

rFire   . . .      SeeInvis .    a - +0 shortbow
rCold   . . .      Faith    .    (shield currently unavailable)
rNeg    . . .      Spirit   .    c - +0 leather armour
rPois   .          Reflect  .    (helmet restricted)
rElec   .          Rampage  .    (no cloak)
rCorr   .                        (no gloves)
Will    .....                    (no boots)
Stlth   +                        (no amulet)
HPRegen 0.27/turn                (no ring)
MPRegen 0.09/turn                (no ring)

@: drained
A: horns 2, retaliatory headbutt
a: Renounce Religion


You were on level 3 of the Dungeon.
You worshipped Hepliaklqana.
Hepliaklqana was noncommittal.
You visited 2 branches of the dungeon, and saw 5 of its levels.

You collected 170 gold pieces.

Inventory:

Hand Weapons
 a - a +0 shortbow (weapon)
 k - a +0 spear
 v - a +2 hand axe of electrocution
Missiles
 d - 12 stones
 r - 2 throwing nets
Armour
 c - a +0 leather armour (worn)
 f - a +0 scale mail
Magical Staves
 w - a staff of cold
 x - a staff of air
Scrolls
 b - a scroll of immolation
 e - a scroll of poison
 i - a scroll of amnesia
 m - 4 scrolls of identify
 q - a scroll of fear {unknown}
 s - a scroll of blinking {unknown}
Potions
 g - a potion of flight
 j - a potion of degeneration {unknown}
 l - a potion of berserk rage {unknown}
 n - a potion of resistance {unknown}
 o - a potion of ambrosia {unknown}
 t - 2 potions of curing {unknown}
 u - a potion of might {unknown}


   Skills:
 + Level 3.8 Fighting
 + Level 5.2 Ranged Weapons
 + Level 0.0 Throwing
 + Level 2.8 Armour
 + Level 3.3 Dodging
 - Level 1.0 Stealth
 + Level 0.0 Invocations
 + Level 0.0 Evocations


You had 4 spell levels left.
You didn't know any spells.
Your spell library was empty.

Dungeon Overview and Level Annotations

Branches:
Dungeon (4/15)             Temple (1/1) D:4

Altars:
Ashenzari
Cheibriados
Elyvilon
Fedhas
Gozag
Hepliaklqana
Kikubaaqudgha
Makhleb
Nemelex Xobeh
Okawaru
Ru
Trog
Uskayaw
Vehumet
Wu Jian
Xom
Zin

Annotations:
D:2 1 runed translucent door, Crazy Yiuf
D:3 Grinder


Innate Abilities, Weirdness & Mutations

You have a pair of horns on your head.
You reflexively headbutt those who attack you in melee.


Message History

Done exploring.
There is a staircase back to the Dungeon here.
You climb upwards.
Welcome back to the Dungeon!
There is a staircase to the Ecumenical Temple here.
You open the door.
There is an open door here.
A hobgoblin comes into view.
You shoot an arrow. The arrow hits the hobgoblin!
You kill the hobgoblin!
Found a stone staircase leading up.
You now have 170 gold pieces (gained 16).
There is a stone staircase leading up here.
A wight comes into view. It is wielding a +0 scimitar.
You shoot an arrow.
The arrow hits the wight but does no damage.
A wight comes into view. It is wielding a +0 great sword.
You shoot an arrow. The arrow closely misses the wight.
You shoot an arrow. The arrow hits the wight.
The wight is moderately damaged.
You shoot an arrow. The arrow hits the wight.
The wight is moderately damaged.
The wight closely misses you. The wight hits you with a +0 scimitar.
You feel drained.
You shoot an arrow.
The arrow hits the wight but does no damage.
The wight is moderately damaged.
The wight hits you with a +0 scimitar!
You feel drained.
You shoot an arrow. The arrow hits the wight.
The wight is heavily damaged.
The wight hits you with a +0 scimitar.
You feel drained.
There is a stone staircase leading up here.
The wight hits you with a +0 scimitar!
* * * LOW HITPOINT WARNING * * *
You climb upwards.
Level annotation: Grinder
There is a stone staircase leading down here.
Really walk into that dispersal trap?
You enter a dispersal trap!
The wight blinks! x2; You blink.
The wight hits you with a +0 scimitar!
You die...

##.⌠.###.⌠.#.##.# .#
###.#.#.#.#..##.# .#
.#.#.#.####.###.####
.# ♣.###.8.##.##
#.#..####..#
.#.#.#.##.##
#.........#
#.....#...#
#..#.######
..###.....# ##.#.#
....##.#.## ###.§z§#
.##.....#####...@..#
.##.....#.....#§..##
.##.....#.###....##
[##.....#.# ####.#
.########.######.#
..........#......#
....##############
#####


You could see a wight.

Vanquished Creatures
  Jessica (D:2)
  2 orc wizards (D:3)
  3 adders
  A worm (D:1)
  A dart slug (D:1)
  2 orcs (D:3)
  3 ball pythons
  6 endoplasms
  2 giant cockroaches
  4 goblins
  5 hobgoblins
  4 kobolds
  3 quokkas (D:2)
  7 bats
  A frilled lizard (D:3)
  8 rats
53 creatures vanquished.

Notes
Turn   | Place    | Note
-------+----------+-------------------------------------------
     0 | D:1      | Lobster4 the Minotaur Hunter began the quest for the Orb.
     0 | D:1      | Reached XP level 1. HP: 18/18 MP: 0/0
   147 | D:1      | Reached skill level 1 in Stealth
   162 | D:1      | Reached XP level 2. HP: 25/25 MP: 1/1
   249 | D:1      | Reached skill level 1 in Armour
   720 | D:2      | Reached XP level 3. HP: 30/30 MP: 2/2
   945 | D:2      | Noticed Jessica
   949 | D:2      | Killed Jessica
   950 | D:2      | Reached XP level 4. HP: 38/38 MP: 3/3
  1035 | D:2      | Found a runed translucent door.
  1036 | D:2      | Noticed Crazy Yiuf
  1148 | D:2      | Found a faded altar of an unknown god.
  1263 | D:3      | Reached skill level 5 in Ranged Weapons
  1539 | D:3      | Reached XP level 5. HP: 29/46 MP: 4/4
  1830 | D:3      | Noticed Grinder
  1843 | D:3      | Paralysed by Grinder for 5 turns
  1852 | D:3      | Paralysed by Grinder for 3 turns
  2039 | D:4      | Found a staircase to the Ecumenical Temple.
  2045 | Temple   | Entered the Ecumenical Temple
  2073 | Temple   | Became a worshipper of Hepliaklqana the Forgotten
  2269 | D:3      | Mangled by a wight

Illustrated notes

Levels and vault maps discovered:
D:1:      tarquinn_simple_flora_water_e, layout_loops_ring
D:2:      layout_rooms, dilly_ecumenical_altar_fadedgnrine, uniq_jessica,
          uniq_crazy_yiuf_cottage
D:3:      layout_loops_ring, serial_co_window_serial, co_window_paths_b,
          co_window_cross_1, co_window_corner_a, co_window_paths_a,
          co_window_corner_a, co_window_unsneaky_path_c,
          co_window_unsneaky_path_c, co_window_2corner, co_window_corner_b,
          co_window_4corner_b, grunt_ministairs_8, minmay_misc_feat_five,
          grunt_decor_mini_mirrors, uniq_grinder
D:4:      layout_loops_ring, minmay_temple_entry_hall
Temple:   nicolae_temple_bog_church

Skill      XL: |  1  2  3  4 |
---------------+-------------+-----
Stealth        | 1 |  1.0
Armour         | 1 2 |  2.8
Fighting       | 3 |  3.8
Dodging        | 3 |  3.3
Ranged Weapons | 5 |  5.2

Action                     |  1- 3 |  4- 6 || total
---------------------------+-------+-------++-------
   Fire: Shortbow          |    88 |    56 ||   144
    Use: Scroll            |       |     4 ||     4
         Potion            |       |     2 ||     2
 Armour: Leather armour    |    14 |     2 ||    16
  Dodge: Dodged            |    24 |     9 ||    33

Table legend: (Time is in decaauts)
 A = Elapsed time spent in this place.
 B = Non-inter-level travel time spent in this place.
 C = Inter-level travel time spent in this place.
 D = Time resting spent in this place.
 E = Time spent auto-exploring this place.
 F = Levels seen in this place.
 G = Mean time per level.
                   A        B        C        D        E       F      G
               +--------+--------+--------+--------+--------+-----+--------+
         Total |   2317 |   2207 |    110 |    102 |   1656 |   5 |  463.4 |
       Dungeon |   2128 |   2029 |     99 |    102 |   1495 |   4 |  532.0 |
        Temple |    189 |    178 |     11 |      0 |    161 |   1 |  189.0 |
               +--------+--------+--------+--------+--------+-----+--------+

Top non-repeatable levels by time:
     D:3: 792 daAuts
     D:1: 696 daAuts
     D:2: 579 daAuts
  Temple: 189 daAuts
     D:4: 60 daAuts
